 Dungeon Crawl Stone Soup version 0.25-a0-663-gace7076 (webtiles) character file.

Game seed: 763700571622621257, levelgen mode: deterministic

26 MrTaco21 the Cudgeler (level 3, 0/23 HPs)
             Began as a Gargoyle Fighter on Mar 24, 2020.
             Slain by a leopard gecko (2 damage)
             ... on level 1 of the Dungeon.
             The game lasted 00:00:34 (118 turns).

MrTaco21 the Cudgeler (Gargoyle Fighter)             Turns: 118, Time: 00:00:35

Health: 0/23       AC: 10    Str: 20    XL:     3   Next: 8%
Magic:  3/3        EV:  7    Int:  8    God:
Gold:   0          SH:  9    Dex:  9    Spells: 2/2 levels left

rFire    . . .     SeeInvis .   a - +0 flail
rCold    . . .     Gourm    .   c - +0 kite shield
rNeg     + . .     Faith    .   b - +0 scale mail
rPois    ∞         Spirit   .   (no helmet)
rElec    +         Reflect  .   (no cloak)
rCorr    .         Harm     .   (no gloves)
MR       .....                  (no boots)
Stlth    ..........             (no amulet)
HPRegen  0.07/turn              (no ring)
MPRegen  0.08/turn              (no ring)

@: no status effects
A: negative energy resistance 1, electricity resistance, unbreathing,
petrification resistance, rot immunity, AC +3
a: no special abilities


You were on level 1 of the Dungeon.
You were not hungry.

You visited 1 branch of the dungeon, and saw 1 of its levels.

Inventory:

Hand Weapons
 a - a +0 flail (weapon)
Armour
 b - a +0 scale mail (worn)
 c - a +0 kite shield (worn)
Potions
 d - a potion of might
Comestibles
 e - a ration {!d}


   Skills:
 - Level 3.2 Fighting
 + Level 3.4 Maces & Flails
 - Level 3.2 Armour
 - Level 3.2 Shields


You had 2 spell levels left.
You didn't know any spells.
Your spell library was empty.

Dungeon Overview and Level Annotations

Branches:
Dungeon (1/15)

Altars:


Innate Abilities, Weirdness & Mutations

You are resistant to torment.
Your stone body is resilient. (AC +3)
You are immune to poison.
You resist negative energy. (rN+)
You are resistant to electric shocks. (rElec)
You can survive without breathing.
You are immune to petrification.
You are immune to rotting.


Message History

The jackal bites you but does no damage.
The hobgoblin hits you but does no damage.
The jackal bites you but does no damage.
You hit the hobgoblin.
You kill the hobgoblin!
You block the frilled lizard's attack. The jackal barely misses you.
The frilled lizard bites you but does no damage.
You hit the rat.
You kill the rat!
You block the jackal's attack. The jackal barely misses you.
The frilled lizard bites you but does no damage.
You sock the rat!
You kill the rat!
The jackal bites you.
* * * LOW HITPOINT WARNING * * *
The frilled lizard barely misses you. You block the jackal's attack.
You closely miss the goblin.
The jackal bites you but does no damage.
You block the frilled lizard's attack. You block the jackal's attack.
The goblin hits you but does no damage.
The frilled lizard bites you but does no damage.
Your shield and scale mail prevent you from hitting the goblin.
The jackal bites you but does no damage.
You block the goblin's attack.
The frilled lizard completely misses you.
You block the jackal's attack.
You thump the goblin!
You kill the goblin!
You have reached level 3!
Your experience leads to an increase in your attributes!
Increase (S)trength, (I)ntelligence, or (D)exterity?
You feel stronger. You block the jackal's attack.
The frilled lizard closely misses you. The jackal bites you.
* * * LOW HITPOINT WARNING * * *
Items here: $ )) ††† The jackal barks!
You hit the frilled lizard.
You kill the frilled lizard!
You block the jackal's attack.
You closely miss the jackal.
The jackal bites you but does no damage.
You block the jackal's attack.
You sock the jackal!
You kill the jackal!
You block the leopard gecko's attack.
You hit the jackal but do no damage. The jackal bites you.
* * * LOW HITPOINT WARNING * * *
The leopard gecko bites you.
You die...

.r.......r.g.......)!...?.#
...........#........†.##....
...?..h..hlh.............# #
.....hl######........#.....
>......#####...........####
....h..##.....##.....#..
#......#....#.......###.#
#...........g.####.......
#.....l.#......h@lr#
#......#..########......#
#........## ##.....
#......### ##.. ......## .
.#..## ##..


You could see a leopard gecko, a jackal, a goblin and a rat.

Vanquished Creatures
  A leopard gecko (D:1)
  3 giant cockroaches (D:1)
  4 goblins (D:1)
  A hobgoblin (D:1)
  5 jackals (D:1)
  2 bats (D:1)
  2 frilled lizards (D:1)
  5 rats (D:1)
23 creatures vanquished.

Notes
Turn   | Place    | Note
-------+----------+-------------------------------------------
     0 | D:1      | MrTaco21 the Gargoyle Fighter began the quest for the Orb.
     0 | D:1      | Reached XP level 1. HP: 14/14 MP: 1/1
    17 | D:1      | Reached XP level 2. HP: 17/19 MP: 2/2
   113 | D:1      | Reached XP level 3. HP: 5/23 MP: 3/3
   118 | D:1      | Slain by a leopard gecko

Levels and vault maps discovered:
D:1:      erik_arrival_orb_chamber, layout_rooms

Skill      XL: |  1  2 |
---------------+-------+-----
Maces & Flails | 3 |  3.4
Fighting       | |  3.2
Armour         | |  3.2
Shields        | |  3.2

Action                   || total
-------------------------++-------
Melee: Flail             ||    83
Armor: Scale mail        ||   100
Dodge: Dodged            ||    50
Block: Kite shield       ||    89

Table legend:
 A = Non-vault XP
 B = Vault XP
 C = Vault XP percentage of total XP
 D = Non-vault monster count
 E = Vault monster count
 F = Vault count percentage of total count
                 A         B        C        D         E       F
            +---------+---------+-------+---------+---------+-------
      Total |      35 |       3 |   7.9 |      20 |       3 |  13.0
            +---------+---------+-------+---------+---------+-------
        D:1 |      35 |       3 |   7.9 |      20 |       3 |  13.0
            +---------+---------+-------+---------+---------+-------
